 Dungeon Crawl Stone Soup version 0.23.0-3-gf3c87f2 (webtiles) character file.

Game seed: 13690619909374212517

186 xccam the Sneak (level 5, -1/43 HPs)
             Began as a Gnoll Wanderer on Feb 20, 2019.
             Slain by a gnoll
             ... wielding a +0 halberd
              (14 damage)
             ... on level 3 of the Dungeon.
             The game lasted 00:03:21 (1546 turns).

xccam the Sneak (Gnoll Wanderer)                    Turns: 1546, Time: 00:03:21

Health: -1/43      AC:  9    Str: 21    XL:     5   Next: 66%
Magic:  7/7        EV:  8    Int: 13    God:
Gold:   99         SH:  0    Dex: 15    Spells: 7/7 levels left

rFire    . . .     SeeInvis .   a - +0 rapier
rCold    . . .     Gourm    .   (no shield)
rNeg     . . .     Faith    .   g - +0 chain mail
rPois    .         Spirit   .   (no helmet)
rElec    .         Reflect  .   (no cloak)
rCorr    .         Harm     .   (no gloves)
MR       .....                  h - +0 pair of boots
Stlth    +.........             n - amulet of rage
HPRegen  0.14/turn              q - +5 ring of strength
MPRegen  0.10/turn              (no ring)

@: no status effects
A: distributed training, fangs 1, strong nose
a: Evoke Berserk Rage


You were on level 3 of the Dungeon.
You were not hungry.

You visited 1 branch of the dungeon, and saw 3 of its levels.

You collected 99 gold pieces.

Inventory:

Hand Weapons
 a - a +0 rapier (weapon)
 b - a +0 hunting sling
Missiles
 d - 11 sling bullets
Armour
 g - a +0 chain mail (worn)
 h - a +0 pair of boots (worn)
Jewellery
 n - an amulet of rage (around neck)
 q - a +5 ring of strength (left hand)
Scrolls
 i - a scroll of amnesia {unknown}
 j - a scroll of immolation {unknown}
 k - a scroll of enchant armour {unknown}
 m - 3 scrolls of teleportation {unknown}
 p - 5 scrolls of identify {unknown}
Potions
 l - a potion of haste {unknown}
 o - 2 potions of degeneration {unknown}
 s - 3 potions of curing
Comestibles
 f - 7 rations


   Skills:
 + Level 4.8 Fighting
 + Level 4.8 Short Blades
 + Level 1.5 Long Blades
 + Level 1.5 Axes
 + Level 1.5 Maces & Flails
 + Level 1.5 Polearms
 + Level 1.5 Staves
 + Level 1.5 Slings
 + Level 1.5 Bows
 + Level 1.5 Crossbows
 + Level 4.8 Throwing
 + Level 1.5 Armour
 + Level 1.5 Dodging
 + Level 7.9 Stealth
 + Level 1.5 Shields
 + Level 1.5 Unarmed Combat
 + Level 1.5 Spellcasting
 + Level 1.2 Conjurations
 + Level 1.2 Hexes
 + Level 1.2 Charms
 + Level 1.2 Summonings
 + Level 1.2 Necromancy
 + Level 1.2 Translocations
 + Level 1.2 Transmutations
 + Level 1.2 Fire Magic
 + Level 1.2 Ice Magic
 + Level 1.2 Air Magic
 + Level 1.2 Earth Magic
 + Level 1.2 Poison Magic
 + Level 1.7 Invocations
 + Level 1.5 Evocations


You had 7 spell levels left.
You didn't know any spells.
Your spell library contained the following spells:

 Spells                   Type           Power        Failure   Level  Hunger
 Beastly Appendage        Tmut           #.....       86%         1    ##.....
 Sticks to Snakes         Tmut           #.......     94%         2    ###....
 Spider Form              Tmut/Pois      #.........   99%         3    ####...
 Ice Form                 Ice/Tmut       #.......     100%        4    #####..
 Blade Hands              Tmut           #.........   100%        5    ######.


Dungeon Overview and Level Annotations

Branches:
Dungeon (3/15)

Altars:
Wu Jian


Innate Abilities, Weirdness & Mutations

Your experience applies equally to all skills.
You have very sharp teeth.
Your uncanny sense of smell can sniff out nearby items.


Message History

The gnoll barely misses you.
A giant cockroach comes into view.
You barely miss the gnoll. Your bite misses the gnoll.
The gnoll is lightly wounded.
The gnoll hits you but does no damage.
You hit the gnoll.
The gnoll is heavily wounded.
Your chain mail prevents you from hitting the gnoll.
The gnoll is heavily wounded.
The gnoll hits you with a +0 halberd.
You closely miss the gnoll.
The gnoll is heavily wounded.
The gnoll hits you but does no damage.
You closely miss the gnoll. Your bite misses the gnoll.
The gnoll is heavily wounded.
The gnoll hits you with a +0 halberd.
You hit the gnoll. Your bite misses the gnoll.
The gnoll is heavily wounded.
The gnoll hits you with a +0 halberd!
You die...

. ... ... #. #.# ..#
∆ # #.. #.###.## .
#.###.. ...# .#
.....# #..# .# #...#
#..# #.####
#..g###..# .....#
#..@##...####.....##
#..s...#..).÷.......
#.%..#.<.####.....##
#........)........#
#.......†.######%####
...........# .#
...........# .#
#.......##.# #
........##.#


You could see a gnoll and a giant cockroach.

Vanquished Creatures
  A worker ant (D:2)
  5 gnolls (D:3)
  4 adders (D:2)
  An ooze (D:1)
  A worm (D:2)
  3 dart slugs
  4 leopard geckos
  10 bats
  3 giant cockroaches
  3 goblins
  7 hobgoblins
  6 jackals
  2 frilled lizards
  8 kobolds
  10 rats
68 creatures vanquished.

Notes
Turn   | Place    | Note
-------+----------+-------------------------------------------
     0 | D:1      | xccam the Gnoll Wanderer began the quest for the Orb.
     0 | D:1      | xccam set off with the following items: a +2 short sword, 2
                  | potions of curing, a +0 robe, a +0 dagger, a ration
     0 | D:1      | Reached XP level 1. HP: 20/20 MP: 1/1
    67 | D:1      | Reached XP level 2. HP: 26/26 MP: 2/2
   231 | D:1      | Reached XP level 3. HP: 20/31 MP: 3/3
   516 | D:1      | Reached skill level 1 in Invocations
   637 | D:2      | Reached skill level 1 in Long Blades
   637 | D:2      | Reached skill level 1 in Axes
   637 | D:2      | Reached skill level 1 in Maces & Flails
   637 | D:2      | Reached skill level 1 in Polearms
   637 | D:2      | Reached skill level 1 in Staves
   637 | D:2      | Reached skill level 1 in Slings
   637 | D:2      | Reached skill level 1 in Bows
   637 | D:2      | Reached skill level 1 in Crossbows
   637 | D:2      | Reached skill level 1 in Armour
   637 | D:2      | Reached skill level 1 in Dodging
   637 | D:2      | Reached skill level 1 in Shields
   637 | D:2      | Reached skill level 1 in Unarmed Combat
   637 | D:2      | Reached skill level 1 in Spellcasting
   637 | D:2      | Reached skill level 1 in Evocations
   726 | D:2      | Reached XP level 4. HP: 19/38 MP: 5/5
  1004 | D:2      | Reached skill level 1 in Conjurations
  1004 | D:2      | Reached skill level 1 in Hexes
  1004 | D:2      | Reached skill level 1 in Charms
  1004 | D:2      | Reached skill level 1 in Summonings
  1004 | D:2      | Reached skill level 1 in Necromancy
  1004 | D:2      | Reached skill level 1 in Translocations
  1004 | D:2      | Reached skill level 1 in Transmutations
  1004 | D:2      | Reached skill level 1 in Fire Magic
  1004 | D:2      | Reached skill level 1 in Ice Magic
  1004 | D:2      | Reached skill level 1 in Air Magic
  1004 | D:2      | Reached skill level 1 in Earth Magic
  1004 | D:2      | Reached skill level 1 in Poison Magic
  1004 | D:2      | Reached XP level 5. HP: 20/43 MP: 6/6
  1232 | D:2      | Found an ornate altar of the Wu Jian Council.
  1546 | D:3      | Slain by a gnoll

Skill      XL: |  1  2  3  4 |
---------------+-------------+-----
Invocations    | 1 |  1.7
Long Blades    | 1 |  1.5
Axes           | 1 |  1.5
Maces & Flails | 1 |  1.5
Polearms       | 1 |  1.5
Staves         | 1 |  1.5
Slings         | 1 |  1.5
Bows           | 1 |  1.5
Crossbows      | 1 |  1.5
Armour         | 1 |  1.5
Dodging        | 1 |  1.5
Shields        | 1 |  1.5
Unarmed Combat | 1 |  1.5
Spellcasting   | 1 |  1.5
Evocations     | 1 |  1.5
Conjurations   | 1 |  1.2
Hexes          | 1 |  1.2
Charms         | 1 |  1.2
Summonings     | 1 |  1.2
Necromancy     | 1 |  1.2
Translocations | 1 |  1.2
Transmutations | 1 |  1.2
Fire Magic     | 1 |  1.2
Ice Magic      | 1 |  1.2
Air Magic      | 1 |  1.2
Earth Magic    | 1 |  1.2
Poison Magic   | 1 |  1.2
Fighting       | |  4.8
Short Blades   | |  4.8
Throwing       | |  4.8
Stealth        | |  7.9

Action                   |  1- 3 |  4- 6 || total
-------------------------+-------+-------++-------
Melee: Short sword       |    81 |       ||    81
       Bite              |    10 |    17 ||    27
       Rapier            |    14 |   125 ||   139
  Use: Potion            |     1 |       ||     1
       Scroll            |       |     1 ||     1
 Stab: Sleeping          |     9 |     1 ||    10
       Distracted        |       |     1 ||     1
  Eat: Chunk             |       |     2 ||     2
Armor: Robe              |    21 |     7 ||    28
       Chain mail        |       |    54 ||    54
Dodge: Dodged            |    52 |    54 ||   106
